 Dungeon Crawl Stone Soup version 0.22.0-38-g04b72b8 (webtiles) character file.

17 Starchild the Charlatan (level 2, 0/23 HPs)
             Began as a Gnoll Wanderer on Aug 30, 2018.
             Slain by a leopard gecko (3 damage)
             ... on level 1 of the Dungeon.
             The game lasted 00:03:52 (361 turns).

Starchild the Charlatan (Gnoll Wanderer)             Turns: 361, Time: 00:03:53

Health: 0/23       AC:  2    Str: 11    XL:     2   Next: 62%
Magic:  5/5        EV: 11    Int: 15    God:
Gold:   36         SH:  0    Dex: 16    Spells: 6/6 levels left

rFire    . . .     SeeInvis .   a - +2 mace (crush)
rCold    . . .     Gourm    .   (no shield)
rNeg     . . .     Faith    .   d - +0 robe
rPois    .         Spirit   .   (no helmet)
rElec    .         Reflect  .   (no cloak)
rCorr    .         Harm     .   (no gloves)
MR       .....                  (no boots)
Stlth    ++........             (no amulet)
HPRegen  0.07/turn              (no ring)
MPRegen  0.09/turn              (no ring)

@: no status effects
A: distributed training, fangs 1, strong nose
a: no special abilities


You were on level 1 of the Dungeon.
You were not hungry.

You visited 1 branch of the dungeon, and saw 1 of its levels.

You collected 36 gold pieces.

Inventory:

Hand Weapons
 a - a +2 mace of crushing (weapon)
 e - a +0 dagger
Missiles
 g - 26 stones (quivered)
Armour
 d - a +0 robe (worn)
Jewellery
 i - an uncursed amulet of faith
Wands
 c - a wand of random effects (15)
Scrolls
 h - a scroll of enchant armour {unknown}
Potions
 b - a potion of lignification
Comestibles
 f - a ration
 j - 3 chunks of flesh


   Skills:
 + Level 2.5 Fighting
 + Level 0.4 Short Blades
 + Level 2.5 Long Blades
 + Level 0.4 Axes
 + Level 0.4 Maces & Flails
 + Level 0.4 Polearms
 + Level 0.4 Staves
 + Level 0.4 Slings
 + Level 0.4 Bows
 + Level 0.4 Crossbows
 + Level 0.4 Throwing
 + Level 0.4 Armour
 + Level 0.4 Dodging
 + Level 2.2 Stealth
 + Level 0.4 Shields
 + Level 0.4 Unarmed Combat
 + Level 2.7 Spellcasting
 + Level 0.2 Conjurations
 + Level 0.2 Hexes
 + Level 0.2 Charms
 + Level 3.7 Summonings
 + Level 0.2 Necromancy
 + Level 0.2 Translocations
 + Level 3.7 Transmutations
 + Level 0.2 Fire Magic
 + Level 0.2 Ice Magic
 + Level 0.2 Air Magic
 + Level 0.2 Earth Magic
 + Level 0.2 Poison Magic
 + Level 0.5 Invocations
 + Level 4.5 Evocations


You had 6 spell levels left.
You didn't know any spells.
Your spell library contained the following spells:

 Spells                   Type           Power        Failure   Level  Hunger
 Call Imp                 Summ           ##......     7%          2    ##.....
 Magic Dart               Conj           #...         19%         1    #......
 Blink                    Tloc           N/A          28%         2    ##.....
 Slow                     Hex            #.......     28%         2    ##.....
 Conjure Flame            Conj/Fire      #.......     50%         3    ###....
 Mephitic Cloud           Conj/Pois/Air  #.......     50%         3    ###....


Dungeon Overview and Level Annotations

Branches:
Dungeon (1/15)

Altars:


Innate Abilities, Weirdness & Mutations

Your experience applies equally to all skills.
You have very sharp teeth.
Your uncanny sense of smell can sniff out nearby items.


Message History

The stone barely misses the leopard gecko.
The frilled lizard hisses angrily.
Throwing (i - inventory)
g - 27 stones (quivered)
Press: ? - help, Shift-Dir - straight line, f/p - leopard gecko
Aim: a leopard gecko (moderately wounded, clinging)
You throw a stone. The stone misses the leopard gecko.
The stone hits the goblin.
The goblin is moderately wounded.
You barely miss the leopard gecko. Your bite misses the leopard gecko.
The leopard gecko is moderately wounded.
The leopard gecko bites you. x2; The goblin hits you.
The leopard gecko bites you.
The frilled lizard hisses.
The leopard gecko hisses menacingly.
The leopard gecko bites you.
* * * LOW HITPOINT WARNING * * *
You closely miss the leopard gecko.
You bite the leopard gecko, but do no damage.
The leopard gecko closely misses you. The leopard gecko bites you.
You die...

####### #.....#
#.....# ##
######.....# ..#
#.@lg#.....##...##
#.##.l............
#.####.....##...##
#.# #...........##
#.# #.....##.##...
#.# #####.#.....((
#.# #...#....(..
#.# #......(....
#.# #...#.#.....


You could see a leopard gecko, a goblin and a frilled lizard.

Vanquished Creatures
  An ooze (D:1)
  A giant cockroach (D:1)
  2 goblins (D:1)
  A hobgoblin (D:1)
  2 jackals (D:1)
  3 bats (D:1)
  2 rats (D:1)
12 creatures vanquished.

Notes
Turn   | Place    | Note
-------+----------+-------------------------------------------
     0 | D:1      | Starchild the Gnoll Wanderer began the quest for the Orb.
     0 | D:1      | Starchild set off with: a potion of lignification, a wand of random effects (15), a +0 robe, a +0 dagger, a ration
     0 | D:1      | Reached XP level 1. HP: 17/17 MP: 4/4
    98 | D:1      | Reached XP level 2. HP: 9/23 MP: 5/5
   361 | D:1      | Slain by a leopard gecko

Action                   || total
-------------------------++-------
Melee: Mace              ||    27
       Bite              ||     3
Throw: Stone             ||     7
 Stab: Sleeping          ||     1
Armor: Robe              ||    10
Dodge: Dodged            ||    20
